 Dungeon Crawl Stone Soup version bcrawl-1.40.3b (webtiles) character file.

Game seed: 8615919613422929370

134533 Mrcake the Covered (level 5, 0/46 HPs)
             Began as a Hill Orc Fighter on Feb 2, 2024.
             Was an Initiate of Nemelex Xobeh.
             Slain by an adder skeleton (2 damage)
             ... on level 4 of the Dungeon.
             The game lasted 00:18:40 (3151 turns).

Mrcake the Covered (Hill Orc Fighter)               Turns: 3151, Time: 00:18:40

Health: 0/46       AC:  8    Str: 20    XL:     5   Next: 72%
Magic:  14/14      EV:  5    Int:  8    God:    Nemelex Xobeh [......]
Gold:   268        SH: 11    Dex: 13    Spells: 3/4 levels left

rFire    . . .     GDR:     29% a - +0 trident
rCold    . . .     SeeInvis .   c - +1 medium shield
rNeg     . . .     Gourm    .   b - +0 scale mail
rPois    .         Faith    .   (no helmet)
rElec    .         Spirit   .   o - +0 cloak
rCorr    .         Reflect  .   (no gloves)
MR       .....                  (no boots)
Stlth    ..........             (no amulet)
HPRegen  0.17/turn              i - +3 ring of dexterity
MPRegen  0.14/turn              p - ring of magical power

@: no status effects
A: no striking features
a: Draw Escape, Draw Destruction, Draw Summoning, Renounce Religion


You were on level 4 of the Dungeon.
You worshipped Nemelex Xobeh.
Nemelex Xobeh was noncommittal.
You were very full.

You visited 1 branch of the dungeon, and saw 4 of its levels.

You collected 268 gold pieces.

Inventory:

Hand Weapons
 a - a +0 trident (weapon)
Armour
 b - a +0 scale mail (worn)
 c - a +1 medium shield (worn)
 o - a +0 cloak (worn)
Jewellery
 i - a +3 ring of dexterity (left hand)
 p - a ring of magical power (right hand)
Scrolls
 f - a scroll of amnesia
 j - a scroll of teleportation {unknown}
 k - 2 scrolls of remove curse {1}
 n - 2 scrolls of fear {unknown}
Potions
 d - a potion of might
 g - a potion of brilliance {unknown}
 h - a potion of flight {unknown}
 l - 2 potions of mutation
 m - a potion of haste {1}
Comestibles
 e - 11 rations {!d}


   Skills:
 * Level 4.1 Fighting
   Level 4.1 Short Blades
   Level 4.1 Long Blades
   Level 4.1 Axes
   Level 4.1 Maces & Flails
   Level 4.1 Polearms
   Level 4.1 Staves
 * Level 4.7 Armour
 - Level 4.4 Shields
   Level 4.1 Unarmed Combat
 + Level 0.4 Spellcasting
 + Level 0.5 Conjurations


You had 3 spell levels left.
You knew the following spells:

 Your Spells              Type           Power        Failure   Level  Hunger
a - Magic Dart            Conj           #...         100%        1    None

Your spell library contained the following spells:

 Spells                   Type           Power        Failure   Level  Hunger
 Blink                    Tloc           N/A          100%        2    ###....
 Call Imp                 Summ           #.....       100%        2    ###....
 Conjure Flame            Conj/Fire      #.......     100%        3    #####..
 Mephitic Cloud           Conj/Pois/Air  #.......     100%        3    #####..
 Spider Form              Tmut/Pois      #..          100%        3    #####..


Dungeon Overview and Level Annotations

Branches:
Dungeon (4/12)
 Temple: D:4-7

Altars:
Nemelex Xobeh
Qazlal
Xom


Message History

The centaur is severely wounded.
The centaur hits you but does no damage.
An adder skeleton comes into view.
Your shield prevents you from hitting the centaur.
The centaur is heavily wounded.
The centaur hits you.
* * * LOW HITPOINT WARNING * * *
You block the crimson imp's attack. You block the centaur's attack.
The centaur hits you.
* * * LOW HITPOINT WARNING * * *
You barely miss the crimson imp.
The crimson imp hits you but does no damage.
You block the centaur's attack. You block the adder skeleton's attack.
You barely miss the crimson imp. You block the crimson imp's attack.
The centaur hits you but does no damage.
You block the adder skeleton's attack.
The crimson imp hits you but does no damage.
You miss the crimson imp. The adder skeleton bites you.
You die...
Your body disappears without a glow.

. #.#....
########.#...#
#...........##
#<.<.........
#..........#
#..........####..
####.##..........
#....Z@.##
#.....#..5c.#
#.......##.........#
..###.##............
#. #.##.....####
#...######### ...#
...


You could see a centaur, a crimson imp and an adder skeleton.

Vanquished Creatures
  A hound (D:4)
  A worker ant (D:4)
  A killer bee zombie (D:3)
  3 adders (D:3)
  An ooze (D:1)
  2 worms (D:2)
  A dart slug (D:1)
  11 leopard geckos
  7 bats
  7 giant cockroaches
  6 goblins
  7 hobgoblins
  3 jackals (D:3)
  A quokka (D:1)
  7 frilled lizards
  6 kobolds
  4 rats
69 creatures vanquished.

Notes
Turn   | Place    | Note
-------+----------+-------------------------------------------
     0 | D:1      | Mrcake the Hill Orc Fighter began the quest for the Orb.
     0 | D:1      | Reached XP level 1. HP: 19/19 MP: 1/1
    77 | D:1      | Reached XP level 2. HP: 19/26 MP: 2/2
   436 | D:1      | Reached XP level 3. HP: 31/31 MP: 3/3
  1096 | D:2      | Found a stormy altar of Qazlal.
  1381 | D:2      | Found a shimmering altar of Xom.
  1477 | D:2      | Reached XP level 4. HP: 40/40 MP: 4/4
  2047 | D:3      | Found a sparkling altar of Nemelex Xobeh.
  2065 | D:3      | Became a worshipper of Nemelex Xobeh the Trickster
  2251 | D:3      | Found a glowing drain.
  2531 | D:3      | Reached XP level 5. HP: 38/46 MP: 5/5
  2577 | D:3      | Received a gift from Nemelex Xobeh
  2815 | D:3      | Learned a level 1 spell: Magic Dart
  3148 | D:4      | HP: 1/46 [centaur (4)]
  3151 | D:4      | Slain by an adder skeleton

Skill      XL: |  1  2  3  4  5 |
---------------+----------------+-----
Armour         | 4 |  4.7
Shields        | 4 |  4.4
Fighting       | 4 |  4.1
Short Blades   | |  4.1
Long Blades    | |  4.1
Axes           | |  4.1
Maces & Flails | |  4.1
Polearms       | |  4.1
Staves         | |  4.1
Unarmed Combat | |  4.1
Spellcasting   | |  0.4
Conjurations   | |  0.5

Action                   |  1- 3 |  4- 6 || total
-------------------------+-------+-------++-------
Melee: Trident           |   132 |   107 ||   239
 Abil: Draw Destruction  |       |     1 ||     1
  Use: Scroll            |     6 |       ||     6
  Eat: Chunk             |     6 |     4 ||    10
       Ration            |       |     3 ||     3
Armor: Scale mail        |    63 |    58 ||   121
Dodge: Dodged            |    19 |    20 ||    39
Block: Medium shield     |    77 |    75 ||   152
